 Dungeon Crawl Stone Soup version 0.23.2-1-ga50397a (webtiles) character file.

Game seed: 3847783355209052877

76 xveg the Sneak (level 4, -4/36 HPs)
             Began as a Centaur Assassin on May 9, 2019.
             Slain by Sigmund
             ... wielding a +2 scythe of freezing
              (9 damage)
             ... on level 3 of the Dungeon.
             The game lasted 00:02:08 (1600 turns).

xveg the Sneak (Centaur Assassin)                   Turns: 1600, Time: 00:02:09

Health: -4/36      AC:  5    Str: 14    XL:     4   Next: 12%
Magic:  4/4        EV:  9    Int: 10    God:
Gold:   111        SH:  0    Dex: 11    Spells: 3/3 levels left

rFire    . . .     SeeInvis .   a - +2 dagger
rCold    . . .     Gourm    .   (no shield)
rNeg     . . .     Faith    .   c - +0 robe
rPois    .         Spirit   .   (no helmet)
rElec    .         Reflect  .   d - +0 cloak
rCorr    .         Harm     .   (no gloves)
MR       .....                  (no barding)
Stlth    ++........             (no amulet)
HPRegen  0.12/turn              (no ring)
MPRegen  0.09/turn              (no ring)

@: very quick
A: large, hooves 3, deformed body, speed 2, tough skin 3
a: no special abilities


You were on level 3 of the Dungeon.
You were hungry.

You visited 1 branch of the dungeon, and saw 3 of its levels.

You collected 111 gold pieces.

Inventory:

Hand Weapons
 a - a +2 dagger (weapon)
 b - a +0 blowgun
Missiles
 e - 7 poisoned needles
 f - 2 curare-tipped needles
Armour
 c - a +0 robe (worn)
 d - a +0 cloak (worn)
Jewellery
 o - an uncursed ring of positive energy {unknown}
 r - an uncursed amulet of faith {unknown}
Wands
 s - a wand of polymorph (6)
Scrolls
 h - 2 scrolls of enchant armour {unknown}
 i - 2 scrolls of immolation {unknown}
 k - 2 scrolls of magic mapping {unknown}
 l - 3 scrolls of identify {unknown}
 m - 4 scrolls of teleportation {unknown}
Potions
 j - a potion of heal wounds {unknown}
 n - a potion of agility {unknown}
 p - a potion of haste {unknown}
 q - a potion of might {unknown}
Comestibles
 g - 4 rations


   Skills:
 + Level 2.2 Fighting
 * Level 2.6 Short Blades
 - Level 2.3 Throwing
 + Level 0.8 Dodging
 + Level 3.2 Stealth


You had 3 spell levels left.
You didn't know any spells.
Your spell library was empty.

Dungeon Overview and Level Annotations

Branches:
Dungeon (3/15)

Altars:

Annotations:
D:3 Sigmund


Innate Abilities, Weirdness & Mutations

You have hooves in place of feet.
Armour fits poorly on your strangely shaped body.
You cover ground very quickly.
You have extremely tough skin. (AC +3)


Message History

A magic dart appears from out of thin air!
The magic dart hits you!
You see here a rat corpse.
No target in view!
No target in view!
No target in view!
Something hits you. Something freezes you.
The rat bites you but does no damage.
Found a stone staircase leading down.
You hit the rat.
You kill the rat!
You see here a rat corpse.
Something hits you!
* * * LOW HITPOINT WARNING * * *
Something freezes you.
* * * LOW HITPOINT WARNING * * *
There is a stone staircase leading down here.
Found a stone staircase leading up.
Something hits you!
You die...

###.##.#.#...#
#..####
.........#.#.#.#
#..
.....#.......#.#
#..
###....†##†..#.# #.
........##...#.# ##
###.#...##...#.# ..
#.#....#...#.#.####
. ##.###...#.......
# #......@..#
#######.#.# ...#.#
#####<# .. .# .# ##


There were no monsters in sight!

Vanquished Creatures
  Ijyb (D:3)
  An adder (D:2)
  2 worms (D:2)
  A leopard gecko (D:1)
  A ball python (D:2)
  5 hobgoblins
  2 quokkas
  4 bats (D:1)
  3 frilled lizards
  6 goblins
  2 kobolds
  8 rats
36 creatures vanquished.

Notes
Turn   | Place    | Note
-------+----------+-------------------------------------------
     0 | D:1      | xveg the Centaur Assassin began the quest for the Orb.
     0 | D:1      | Reached XP level 1. HP: 17/17 MP: 1/1
   276 | D:1      | Reached XP level 2. HP: 24/24 MP: 2/2
   866 | D:2      | Reached skill level 3 in Stealth
   866 | D:2      | Reached XP level 3. HP: 20/29 MP: 3/3
  1489 | D:3      | Noticed Ijyb
  1513 | D:3      | Killed Ijyb
  1513 | D:3      | Reached XP level 4. HP: 33/36 MP: 4/4
  1580 | D:3      | Noticed Sigmund
  1600 | D:3      | Slain by Sigmund

Skill      XL: |  1  2 |
---------------+-------+-----
Short Blades   | 2 |  2.6
Stealth        | 3 |  3.2
Fighting       | |  2.2
Throwing       | |  2.3
Dodging        | |  0.8

Action                   |  1- 3 |  4- 6 || total
-------------------------+-------+-------++-------
Melee: Dagger            |    96 |    16 ||   112
       Kick              |    13 |     2 ||    15
 Fire: Blowgun           |     3 |       ||     3
 Stab: Sleeping          |     7 |       ||     7
Armor: Robe              |    29 |     5 ||    34
Dodge: Dodged            |    30 |     5 ||    35
